 Dungeon Crawl Stone Soup version 0.31-a0-1529-g7bd419a0e5 (webtiles) character file.

Game seed: 17928012440055506049

1073 demibob the Twirler (level 8, -2/52 HPs)
             Began as a Demonspawn Chaos Knight on Dec 31, 2023.
             Was a Plaything of Xom.
             Slain by a troll (12 damage)
             ... on level 5 of the Dungeon.
             The game lasted 00:08:51 (4004 turns).

demibob the Twirler (Demonspawn Chaos Knight)       Turns: 4004, Time: 00:08:52

Health: -2/52      AC:  9    Str: 11    XL:     8   Next: 7%
Magic:  0/8        EV: 11    Int: 17    God:    Xom [.*....]
Gold:   656        SH:  0    Dex: 14    Spells: 7/7 levels left

rFire   . . .        a - staff of air {!a}
rCold   x . .        (no shield)
rNeg    . . .        b - +2 leather armour
rPois   +            (no helmet)
rElec   +            h - +0 cloak
rCorr   .            j - +0 pair of gloves
SInv    +            (no boots)
Will    .....        f - amulet of guardian spirit
Stlth   +            P - ring of poison resistance
HPRegen 0.28/turn    (no ring)
MPRegen 0.11/turn

%: guardian spirit
@: no status effects
A: yellow scales 1, ignite blood 2, powered by death 1, see invisible, clever 1,
frail 1, cold vulnerability 1, inability to read after injury 1, persistent
drain
a: Renounce Religion


You were on level 5 of the Dungeon.
You worshipped Xom.
You were a plaything of Xom.
You visited 2 branches of the dungeon, and saw 6 of its levels.

You collected 786 gold pieces.
You spent 130 gold pieces at shops.


Innate Abilities, Weirdness & Mutations

You are partially covered in yellow scales. (AC +2)
Your demonic aura often causes spilled blood to erupt in flames.
You regenerate a little health from kills.
You have supernaturally acute eyesight. (SInv)
Your mind is acute. (Int +4, Str/Dex -1)
You are frail. (-10% HP)
You are vulnerable to cold. (rC-)
You occasionally lose the ability to read scrolls when taking damage.
Your health recovers twice as slowly from being drained.


   Skills:
 - Level 3.0 Fighting
 - Level 3.8(5.1) Maces & Flails
 * Level 5.2(5.8) Staves
 - Level 1.7 Armour
 - Level 0.8 Dodging
 + Level 4.6 Air Magic
 + Level 3.7 Evocations


You had 7 spell levels left.
You didn't know any spells.
Your spell library was empty.

Inventory:

Hand Weapons
 l - a +0 mace of chaos
Missiles
 d - a throwing net {=f}
Armour
 b - a +2 leather armour (worn)
 h - a +0 cloak (worn)
 j - a +0 pair of gloves (worn)
Magical Staves
 a - a staff of air (weapon) {!a}
Jewellery
 f - an amulet of guardian spirit (around neck)
 g - an amulet of magic regeneration
 P - a ring of poison resistance (left hand)
Scrolls
 m - 2 scrolls of identify {@r1}
Potions
 k - a potion of brilliance

Dungeon Overview and Level Annotations

Branches:
Dungeon (5/15)             Temple (1/1) D:5

Altars:
Ashenzari
Cheibriados
Dithmenos
Fedhas
Gozag
Hepliaklqana
Kikubaaqudgha
Makhleb
Nemelex Xobeh
Qazlal
Ru
Sif Muna
Trog
Uskayaw
Vehumet
Wu Jian
Xom
Yredelemnul

Shops:
D:4

!
).#......#####...##..............
..#......# #...##..............
..#...#.## #▒▒▒▒▒▒▒▒.........##
..#...#.▒▒▒▒▒▒▒......'.........##
....#.#.▒.....'.▒..▒.▒.....).....
....#.#.▒.▒.▒.▒.....÷▒...........
......#.▒....O▒....†.▒...#.......
........▒.▒T▒.▒T▒..▒.▒...###.....
........▒.....▒.@..).▒...# #.....
........▒▒'▒▒▒▒▒▒▒▒▒▒▒...###....[
..##... ▒....▒To '..▒.....#.....
..# .. ▒.▒▒. S..▒..▒#........^.
▒.▒▒f ..▒'▒▒#.........▒ ▒....▒
▒▒▒} ####......▒ ▒▒▒▒▒▒ ▒▒
#....▒▒▒ #....... #.....⌠.


You could see a troll.


Message History

The troll is lightly wounded.
The troll is engulfed in blazing flames.
The troll bites you!
* * * LOW HITPOINT WARNING * * *
The troll claws you.
* * * LOW HITPOINT WARNING * * *
The troll completely misses you.
You hit the troll but do no damage.
The troll is electrocuted.
The troll is moderately wounded.
The troll is engulfed in blazing flames.
The troll misses you. The troll claws you.
* * * LOW HITPOINT WARNING * * *
The troll claws you.
* * * LOW HITPOINT WARNING * * *
You hit the troll.
The troll is severely wounded.
The troll is engulfed in blazing flames.
The troll closely misses you. The troll claws you.
* * * LOW HITPOINT WARNING * * *
The troll claws you but does no damage.
You feel better.
You barely miss the troll.
The troll is severely wounded.
The troll barely misses you.
The troll claws you but does no damage. x2
You barely miss the troll.
The troll is severely wounded.
You can read scrolls again.
The troll bites you!
You die...
Xom laughs nastily!

Skill      XL: |  1  2  3  4  5  6  7 |
---------------+----------------------+-----
Maces & Flails | 3 |  3.8
Air Magic      | 1 2 3 4 |  4.6
Staves         | 1 2 3 5 |  5.2
Evocations     | 1 2 3 |  3.7
Fighting       | |  3.0
Armour         | |  1.7
Dodging        | |  0.8

Action                     |  1- 3 |  4- 6 |  7- 9 || total
---------------------------+-------+-------+-------++-------
  Melee: Mace              |    96 |    96 |       ||   192
         Peck              |       |    19 |    26 ||    45
         Staff             |       |    63 |   128 ||   191
         Punch             |       |     1 |     2 ||     3
    Use: Scroll            |     4 |     5 |     1 ||    10
         Potion            |       |     6 |     3 ||     9
   Stab: Sleeping          |     2 |       |       ||     2
         Distracted        |       |     1 |       ||     1
         Paralysed         |       |     1 |       ||     1
 Armour: Leather armour    |    67 |   101 |    78 ||   246
  Dodge: Dodged            |    58 |    86 |    64 ||   208

Levels and vault maps discovered:
D:1:      dpeg_arrival_houses_and_road, layout_basic
D:2:      layout_basic, grunt_decor_one_mirror
D:3:      layout_basic, kennysheep_generic_room_15
D:4:      layout_cave_pools, serial_shops, nicolae_shop_tiny_glass,
          minmay_fractal_squares_5, uniq_grinder
D:5:      minmay_clustersquares, layout_basic, minmay_temple_entry_junction_2
Temple:   regret_index_temple_sigil_plot

Notes
Turn   | Place    | Note
-------+----------+-------------------------------------------
     0 | D:1      | demibob the Demonspawn Chaos Knight began the quest for the
                  | Orb.
     0 | D:1      | Reached XP level 1. HP: 18/18 MP: 1/1
    34 | D:1      | XOM: silly message
   135 | D:1      | Reached skill level 3 in Maces & Flails
   304 | D:1      | Gained mutation: You regenerate a little health from kills.
                  | [demonic ancestry]
   304 | D:1      | Reached XP level 2. HP: 24/24 MP: 2/2
   659 | D:1      | Gained mutation: You are partially covered in yellow
                  | scales. (AC +2) [demonic ancestry]
   659 | D:1      | Reached XP level 3. HP: 29/29 MP: 3/3
   673 | D:1      | XOM: divination: magic mapping
   760 | D:1      | XOM: silly message
   819 | D:1      | XOM: scenery: create altars
   987 | D:2      | XOM: smoke on damage
   995 | D:2      | Reached skill level 1 in Air Magic
  1041 | D:2      | Reached skill level 1 in Staves
  1325 | D:3      | Gained mutation: Your demonic aura sometimes causes spilled
                  | blood to erupt in flames. [demonic ancestry]
  1325 | D:3      | Reached XP level 4. HP: 33/35 MP: 2/4
  1330 | D:3      | Gained mutation: Your health recovers twice as slowly from
                  | being drained. [potion of mutation]
  1330 | D:3      | Gained mutation: You are strong-willed. (Will+) [potion of
                  | mutation]
  1460 | D:3      | XOM: potion effect (brilliance)
  1468 | D:3      | XOM: divination: detect items
  1473 | D:3      | Reached skill level 2 in Staves
  1473 | D:3      | Reached skill level 2 in Air Magic
  1476 | D:3      | Gained mutation: Your demonic aura often causes spilled
                  | blood to erupt in flames. [demonic ancestry]
  1476 | D:3      | Reached XP level 5. HP: 36/41 MP: 3/5
  1623 | D:3      | XOM: give mutations
  1623 | D:3      | Lost mutation: You are strong-willed. (Will+) [Xom's
                  | mischief]
  1623 | D:3      | Gained mutation: You have a beak for a mouth. [Xom's
                  | mischief]
  1623 | D:3      | Gained mutation: Your mind is acute. (Int +4, Str/Dex -1)
                  | [Xom's mischief]
  1623 | D:3      | Gained mutation: You have supernaturally acute eyesight.
                  | (SInv) [Xom's mischief]
  1727 | D:3      | XOM: summons 5 friendly demons
  1801 | D:3      | XOM: cleaving
  2181 | D:3      | XOM: cloud trail
  2283 | D:4      | Noticed Grinder
  2297 | D:4      | Paralysed by Grinder for 4 turns
  2306 | D:4      | XOM: potion effect (magic)
  2312 | D:4      | Killed Grinder
  2313 | D:4      | Reached skill level 3 in Staves
  2313 | D:4      | Reached skill level 3 in Air Magic
  2313 | D:4      | Reached skill level 1 in Evocations
  2313 | D:4      | Reached XP level 6. HP: 23/47 MP: 4/6
  2460 | D:4      | XOM: fog
  2490 | D:4      | Reached skill level 2 in Evocations
  2498 | D:4      | Identified a potion of resistance
  2501 | D:4      | XOM: smoke on damage
  2526 | D:4      | XOM: scenery: create altars
  2734 | D:4      | Reached XP level 7. HP: 45/52 MP: 5/7
  2794 | D:4      | XOM: scenery: create altars
  2808 | D:4      | Found Zamnuuth's Distillery.
  2821 | D:4      | Bought a potion of heal wounds for 50 gold pieces
  2821 | D:4      | Bought a potion of berserk rage for 50 gold pieces
  2821 | D:4      | Bought a potion of curing for 30 gold pieces
  2887 | D:4      | Identified a scroll of acquirement
  2887 | D:4      | Acquired 587 gold pieces
  3061 | D:5      | Entered Level 5 of the Dungeon
  3065 | D:4      | XOM: cast spell 'Olgreb's Toxic Radiance'
  3080 | D:4      | XOM: divination: detect creatures
  3164 | D:5      | Reached skill level 4 in Staves
  3164 | D:5      | Reached skill level 4 in Air Magic
  3188 | D:5      | Noticed a wraith
  3198 | D:5      | XOM: smoke on damage
  3199 | D:5      | Killed a wraith
  3200 | D:5      | Reached skill level 3 in Evocations
  3220 | D:5      | XOM: give mutation
  3220 | D:5      | Gained mutation: You occasionally lose the ability to read
                  | scrolls when taking damage. [Xom's mischief]
  3271 | D:5      | Found a staircase to the Ecumenical Temple.
  3358 | Temple   | Entered the Ecumenical Temple
  3360 | Temple   | XOM: noise
  3662 | D:5      | Noticed a troll
  3803 | D:5      | XOM: silly message
  3809 | D:5      | XOM: silly message
  3815 | D:5      | Reached skill level 5 in Staves
  3815 | D:5      | Reached XP level 8. HP: 52/58 MP: 3/8
  3980 | D:5      | XOM: give mutations
  3980 | D:5      | Lost mutation: You have a beak for a mouth. [Xom's
                  | mischief]
  3980 | D:5      | Gained mutation: You are frail. (-10% HP) [Xom's mischief]
  3980 | D:5      | Gained mutation: You are vulnerable to cold. (rC-) [Xom's
                  | mischief]
  3998 | D:5      | HP: 5/52 [troll (4)]
  4004 | D:5      | Slain by a troll

Vanquished Creatures
  Grinder (D:4)
  A wraith (D:5)
  An ogre (D:5)
  2 scorpions
  2 jellies
  2 orc priests (D:3)
  A bombardier beetle (D:5)
  A sleepcap (D:5)
  3 iguanas (D:4)
  4 orc wizards
  5 adders
  4 gnolls
  3 dart slugs (D:1)
  A ribbon worm (D:3)
  14 orcs
  3 bats
  11 endoplasms
  2 giant cockroaches
  10 goblins
  3 hobgoblins
  6 jackals
  6 kobolds
  4 quokkas
  3 ball pythons
  7 frilled lizards
  5 rats
105 creatures vanquished.

Vanquished Creatures (collateral kills)
  2 orcs (D:3)
2 creatures vanquished.

Grand Total: 107 creatures vanquished

Table legend: (Time is in decaauts)
 A = Elapsed time spent in this place.
 B = Non-inter-level travel time spent in this place.
 C = Inter-level travel time spent in this place.
 D = Time resting spent in this place.
 E = Time spent auto-exploring this place.
 F = Levels seen in this place.
 G = Mean time per level.
                   A        B        C        D        E       F      G
               +--------+--------+--------+--------+--------+-----+--------+
         Total |   4049 |   3948 |    101 |    394 |   2680 |   6 |  674.8 |
       Dungeon |   3802 |   3701 |    101 |    251 |   2597 |   5 |  760.4 |
        Temple |    247 |    247 |      0 |    143 |     83 |   1 |  247.0 |
               +--------+--------+--------+--------+--------+-----+--------+

Top non-repeatable levels by time:
     D:3: 1042 daAuts
     D:1: 905 daAuts
     D:4: 845 daAuts
     D:5: 637 daAuts
     D:2: 371 daAuts
  Temple: 247 daAuts

Table legend:
 A = Non-vault XP
 B = Vault XP
 C = Vault XP percentage of total XP
 D = Non-vault monster count
 E = Vault monster count
 F = Vault count percentage of total count
                 A         B        C        D         E       F
            +---------+---------+-------+---------+---------+-------
      Total |     861 |     672 |  43.8 |      91 |      15 |  14.2
            +---------+---------+-------+---------+---------+-------
        D:1 |      47 |       0 |   0.0 |      22 |       0 |   0.0
        D:2 |      47 |       0 |   0.0 |      15 |       0 |   0.0
        D:3 |     225 |       1 |   0.4 |      34 |       1 |   2.9
        D:4 |     221 |     336 |  60.3 |      12 |       8 |  40.0
        D:5 |     293 |     335 |  53.3 |       6 |       6 |  50.0
     Temple |      28 |       0 |   0.0 |       2 |       0 |   0.0
            +---------+---------+-------+---------+---------+-------
